 Dungeon Crawl Stone Soup version 0.31-a0-1612-g4aaf141 (webtiles) character file.

Game seed: 2673661831842125795

35 PidgeyThePirate the Cutter (level 3, 0/29 HPs)
             Began as a Demonspawn Chaos Knight on Jan 9, 2024.
             Was a Plaything of Xom.
             Succumbed to an adder's poison
             ... on level 2 of the Dungeon.
             The game lasted 00:02:33 (934 turns).

PidgeyThePirate the Cutter (Demonspawn Chaos Knight) Turns: 934, Time: 00:02:34

Health: 0/29       AC:  7    Str: 12      XL:     3   Next: 16%
Magic:  2/2        EV: 11    Int: 11 (12) God:    Xom [*.....]
Gold:   67         SH:  0    Dex: 10 (12) Spells: 2/2 levels left

rFire   x . .        a - +0 short sword (chaos)
rCold   x . .        (no shield)
rNeg    . . .        b - +3 leather armour
rPois   .            (no helmet)
rElec   .            j - +0 cloak
rCorr   .            (no gloves)
SInv    .            (no boots)
Will    .....        h - amulet of magic regeneration
Stlth   +            (no ring)
HPRegen 0.24/turn    (no ring)
MPRegen 0.48/turn

%: no passive effects
@: brilliant, lethally poisoned (0 -> -2)
A: foul stench 1, dopey 1, low MP 1, cold vulnerability 1, heat vulnerability 1
a: Renounce Religion


You were on level 2 of the Dungeon.
You worshipped Xom.
You were a special plaything of Xom.
You visited 1 branch of the dungeon, and saw 2 of its levels.

You collected 67 gold pieces.

Inventory:

Hand Weapons
 a - a +0 short sword of chaos (weapon)
Armour
 b - a +3 leather armour (worn)
 j - a +0 cloak (worn)
Jewellery
 h - an amulet of magic regeneration (around neck)
Scrolls
 c - a scroll of butterflies
 e - 2 scrolls of blinking
 g - 3 scrolls of identify
 l - a scroll of noise


   Skills:
 + Level 3.3 Fighting
 + Level 3.4 Short Blades
 + Level 2.0 Armour
 + Level 1.2 Dodging


You had 2 spell levels left.
You didn't know any spells.
Your spell library contained the following spells:

 Spells                   Type           Power      Damage    Failure   Level
 Ensorcelled Hibernation  Hex/Ice        0%         N/A       56%         2
 Passwall                 Erth           0%         N/A       80%         3
 Swiftness                Air            0%         N/A       80%         3


Dungeon Overview and Level Annotations

Branches:
Dungeon (2/15)

Altars:


Innate Abilities, Weirdness & Mutations

You may rarely emit foul miasma when damaged in melee.
You are dopey. (Int -2)
Your magical capacity is low. (-10% MP)
You are vulnerable to cold. (rC-)
You are vulnerable to heat. (rF-)


Message History

The adder bites you but does no damage.
You hit the adder. You freeze the adder.
The adder is severely wounded.
The adder bites you but does no damage.
You hit the adder. You burn the adder.
The adder is almost dead.
The adder bites you.
* * * LOW HITPOINT WARNING * * *
You are lethally poisoned!
The adder poisons you!
You emit a cloud of foul miasma!
The adder is engulfed in dark miasma.
The adder is poisoned.
The adder misses you.
You barely miss the adder.
The adder is almost dead.
* * * LOW HITPOINT WARNING * * *
You feel sick.
The adder is engulfed in dark miasma.
The adder looks even sicker.
You kill the adder!
You feel your strength returning.
Your Armour skill increases to level 2!
You have reached level 3!
Your experience leads to an increase in your attributes!
Your base attributes are Str 12, Int 12, Dex 12.
Increase (S)trength, (I)ntelligence, or (D)exterity?
You feel clever. x2
You are too injured to fight recklessly!
You are too injured to fight recklessly!
You aren't carrying any potions.
You aren't carrying any potions.
As you read the scroll labelled RIKADAEPRI, it crumbles to dust.
It is a scroll of identify.
l - a scroll of noise
* * * LOW HITPOINT WARNING * * *
You feel sick.
There is a lethal amount of poison in your body!
There is a lethal amount of poison in your body!
* * * LOW HITPOINT WARNING * * *
You feel sick.
You die...
Xom bursts into laughter!

#.......# #....)..# ### ##.....##
#.......# #[. #.......# #.......#
#.. #.......### #.......###.#
#.........# ####.##...#..
##........### #..###..#.
##.........# ##.# ##.#.
###.....#.### #.# #.#. .........#
#.☼..@.#...###.####...
.........###......###......#.....
.........##..#...## #.........†.[
.........#..####.# #.............
.........#.## #..##.............
.........#.# ##..#.............
.........#.# #.#.............
........S.S# .........>.....
######...### ...............


There were no monsters in sight!

Vanquished Creatures
  An adder (D:2)
  2 endoplasms (D:1)
  A giant cockroach (D:2)
  3 goblins
  2 jackals (D:1)
  A kobold (D:1)
  A quokka (D:2)
  4 ball pythons
  4 bats
  2 frilled lizards (D:1)
  2 rats (D:1)
23 creatures vanquished.

Notes
Turn   | Place    | Note
-------+----------+-------------------------------------------
     0 | D:1      | PidgeyThePirate the Demonspawn Chaos Knight began the quest
                  | for the Orb.
     0 | D:1      | Reached XP level 1. HP: 18/18 MP: 1/1
    52 | D:1      | XOM: silly message
   192 | D:1      | XOM: silly message
   193 | D:1      | XOM: stat loss: -1 Dex (11/12)
   248 | D:1      | Gained mutation: You may rarely emit foul miasma when
                  | damaged in melee. [demonic ancestry]
   248 | D:1      | Reached XP level 2. HP: 21/24 MP: 2/2
   362 | D:1      | XOM: 1-stop teleportation journey
   702 | D:1      | XOM: give mutations
   702 | D:1      | Gained mutation: You are vulnerable to cold. (rC-) [Xom's
                  | mischief]
   702 | D:1      | Gained mutation: Your magical capacity is low. (-10% MP)
                  | [Xom's mischief]
   702 | D:1      | Gained mutation: You are vulnerable to heat. (rF-) [Xom's
                  | mischief]
   702 | D:1      | Gained mutation: You are dopey. (Int -2) [Xom's mischief]
   861 | D:2      | Reached skill level 1 in Dodging
   889 | D:2      | a giant cockroach changed into a swamp drake
   889 | D:2      | Noticed a swamp drake
   889 | D:2      | XOM: polymorph giant cockroach -> swamp drake
   904 | D:2      | a swamp drake changed into a quokka
   904 | D:2      | XOM: polymorph swamp drake -> quokka
   932 | D:2      | Reached XP level 3. HP: 2/29 MP: 2/2
   933 | D:2      | HP: 1/29 [poisoned by an adder]
   934 | D:2      | Succumbed to an adder's poison

Illustrated notes

Levels and vault maps discovered:
D:1:      tarquinn_simple_flora_water_c, layout_loops_ring, hex_medium
D:2:      layout_rooms, serial_glass, glass_columns_b, glass_columns_c,
          chequers_garden

Skill      XL: |  1  2 |
---------------+-------+-----
Short Blades   | 3 |  3.4
Dodging        | 1 |  1.2
Armour         | 2 |  2.0
Fighting       | |  3.3

Action                     || total
---------------------------++-------
  Melee: Short sword       ||    93
         Punch             ||     2
    Use: Potion            ||     4
         Scroll            ||     3
   Stab: Distracted        ||     1
 Armour: Leather armour    ||    72
  Dodge: Dodged            ||    57

Table legend: (Time is in decaauts)
 A = Elapsed time spent in this place.
 B = Non-inter-level travel time spent in this place.
 C = Inter-level travel time spent in this place.
 D = Time resting spent in this place.
 E = Time spent auto-exploring this place.
 F = Levels seen in this place.
 G = Mean time per level.
                   A        B        C        D        E       F      G
               +--------+--------+--------+--------+--------+-----+--------+
         Total |    920 |    879 |     41 |      0 |    613 |   2 |  460.0 |
       Dungeon |    920 |    879 |     41 |      0 |    613 |   2 |  460.0 |
               +--------+--------+--------+--------+--------+-----+--------+

Top non-repeatable levels by time:
     D:1: 776 daAuts
     D:2: 143 daAuts
